 Dungeon Crawl Stone Soup version 0.27.1-33-g824d729ab1 (webtiles) character file.

Game seed: 2820976511821062621

18 pkoi the Insei (level 2, -4/26 HPs)
             Began as a Draconian Monk on Dec 28, 2021.
             Killed from afar by Sigmund (8 damage)
             ... with a puff of flame
             ... on level 2 of the Dungeon.
             The game lasted 00:01:01 (1233 turns).

pkoi the Insei (Draconian Monk)                     Turns: 1233, Time: 00:01:01

Health: -4/26      AC:  6    Str: 13    XL:     2   Next: 48%
Magic:  2/2        EV: 12    Int: 10    God:
Gold:   26         SH:  0    Dex: 13    Spells: 1/1 levels left

rFire    . . .     SeeInvis .     - Unarmed
rCold    . . .     Faith    .   (no shield)
rNeg     . . .     Spirit   .   (armour unavailable)
rPois    .         Reflect  .   (helmet restricted)
rElec    .         Harm     .   g - +1 cloak
rCorr    .         Rampage  .   (no gloves)
Will     .....                  (no boots)
Stlth    +.........             (no amulet)
HPRegen  0.08/turn              (no ring)
MPRegen  0.08/turn              (no ring)

@: confused
A: AC +4, unfitting armour, cold-blooded
a: no special abilities


You were on level 2 of the Dungeon.
You visited 1 branch of the dungeon, and saw 2 of its levels.

You collected 26 gold pieces.

Inventory:

Hand Weapons
 b - a +0 vampiric halberd
 c - a +0 dagger
Missiles
 h - 10 poisoned darts (quivered)
Armour
 g - a +1 cloak (worn)
Scrolls
 d - 2 scrolls of magic mapping {unknown}
 e - a scroll of teleportation {unknown}
 f - a scroll of fog {unknown}
 i - a scroll of blinking {unknown}
Potions
 a - a potion of cancellation {unknown}


   Skills:
 - Level 3.2 Fighting
 - Level 2.6 Dodging
 - Level 1.7 Stealth
 + Level 3.9 Unarmed Combat


You had one spell level left.
You didn't know any spells.
Your spell library was empty.

Dungeon Overview and Level Annotations

Branches:
Dungeon (2/15)

Altars:

Annotations:
D:2 Sigmund


Innate Abilities, Weirdness & Mutations

Your plain brown scales are hard. (AC +4)
You cannot fit into any form of body armour.
You are cold-blooded and may be slowed by cold attacks.


Message History

No target in view!
No target in view!
No target in view!
No target in view!
No target in view!
No target in view!
You see here a dart slug corpse.
There is a stone staircase leading down here.
Found 11 gold pieces.
You now have 26 gold pieces (gained 11).
Found a scroll labelled COUSCH DOGY.
i - a scroll labelled COUSCH DOGY Sigmund the Dreaded comes into view.
He is wielding a +0 scythe.
Sigmund hits you with a +0 scythe!
You are too injured to fight recklessly!
You are too injured to fight recklessly!
You are too injured to fight recklessly!
You are too injured to fight recklessly!
You are too injured to fight recklessly!
You are too injured to fight recklessly!
You are too injured to fight recklessly!
Sigmund gestures at you while chanting.
The puff of flame hits you but does no damage.
Sigmund casts a spell at you. The puff of flame hits you.
* * * LOW HITPOINT WARNING * * *
Sigmund points at you and mumbles some strange words.
The magic dart hits you.
* * * LOW HITPOINT WARNING * * *
Sigmund points at you and mumbles some strange words.
You are confused.
Sigmund points at you and mumbles some strange words.
The magic dart hits you!
* * * LOW HITPOINT WARNING * * *
Sigmund casts a spell at you.
You are more confused.
You bump into the rock wall.
Sigmund points at you and mumbles some strange words.
The puff of flame hits you!
You die...

##># #.###
#.# #.@..
#.# #####
#########.#
#.........#
#.#########
#.#
#.#########
#.@....@..#
#########.#
#### #.#
#..@
#.######.##
#.@..@...#
#.########
###


You could see Sigmund.

Vanquished Creatures
  A dart slug (D:2)
  An endoplasm (D:2)
  2 giant cockroaches (D:1)
  A goblin (D:1)
  A hobgoblin (D:1)
  3 kobolds (D:1)
  A bat (D:1)
  2 frilled lizards (D:1)
  3 rats (D:1)
15 creatures vanquished.

Notes
Turn   | Place    | Note
-------+----------+-------------------------------------------
     0 | D:1      | pkoi the Draconian Monk began the quest for the Orb.
     0 | D:1      | Reached XP level 1. HP: 19/19 MP: 1/1
   274 | D:1      | Reached XP level 2. HP: 26/26 MP: 2/2
   294 | D:1      | Found a faded altar of an unknown god.
  1193 | D:2      | Noticed Sigmund
  1233 | D:2      | Killed from afar by Sigmund

Illustrated notes

Levels and vault maps discovered:
D:1:      minmay_arrival_shattered_statue, layout_basic,
          hellmonk_ecumenical_altar_crossroads, chequers_garden,
          serial_bayou_crossing
D:2:      layout_basic, minmay_tromino_i2, uniq_sigmund,
          uniq_crazy_yiuf_cottage, uniq_terence

Action                   || total
-------------------------++-------
Melee: Unarmed           ||    46
       Tailslap          ||     4
       Punch             ||     1
 Stab: Sleeping          ||     3
Armor: Skin              ||    18
Dodge: Dodged            ||    30
